 Dungeon Crawl Stone Soup version 0.19.3-1-g3169bf9 (console) character file.

693 Grinner the Basher (level 7, -2/66 HPs)
             Began as an Ogre Gladiator on Jan 26, 2017.
             Slain by Prince Ribbit (7 damage)
             ... on level 5 of the Dungeon.
             The game lasted 00:12:14 (3563 turns).

Grinner the Basher (Ogre Gladiator)                 Turns: 3563, Time: 00:12:15

Health: -2/66      AC:  6    Str: 23    XL:     7   Next: 64%
Magic:  7/7        EV: 17    Int:  7    God:
Gold:   267        SH:  0    Dex: 15    Spells: 1 memorised, 5 levels left

rFire  . . .     SeeInvis .     a - +3 whip (elec)
rCold  . . .     Gourm    +     b - +0 robe
rNeg   . . .     Faith    .     (no shield)
rPois  .         Spirit   .     c - +2 hat
rElec  .         Reflect  .     j - +0 cloak
rCorr  .         Harm     .     (gloves unavailable)
MR     .....                    (boots unavailable)
Stlth  ++........               o - amulet of the gourmand
                                (no ring)
                                (no ring)

@: agile
A: unfitting armour, tough skin 1
a: no special abilities


You were on level 5 of the Dungeon.
You were not hungry.

You visited 2 branches of the dungeon, and saw 6 of its levels.
You also visited: Sewer.

You collected 267 gold pieces.

Inventory:

Hand Weapons
 a - a +3 whip of electrocution (weapon)
 w - a +2 dire flail of holy wrath
Missiles
 d - 2 throwing nets (quivered)
Armour
 b - a +0 robe (worn)
 c - a +2 hat (worn)
 j - a +0 cloak (worn)
Jewellery
 o - an amulet of the gourmand (around neck)
Scrolls
 h - a scroll of blinking {unknown}
 i - a scroll of amnesia
 p - 2 scrolls of remove curse
 s - 3 scrolls of identify
 u - a scroll of noise {unknown}
Potions
 e - 2 potions of curing
 g - a potion of magic
 l - a potion of invisibility
 m - a potion of brilliance
 t - a potion of might
 v - a potion of haste
Books
 q - a book of Misfortune

   Spells                             Type                      Level
   a - Confusing Touch                Hexes                        1
   b - Confuse                        Hexes                        3
   c - Gell's Gravitas                Hexes/Translocation          3
   d - Petrify                        Transmutation/Earth          4
   e - Metabolic Englaciation         Hexes/Ice                    5
   f - Yara's Violent Unravelling     Hexes/Transmutation          5
Comestibles
 f - 5 bread rations
 r - 3 beef jerkies


   Skills:
 - Level 2.6 Fighting
 * Level 9.6 Maces & Flails
 - Level 2.0 Throwing
 + Level 5.0 Dodging


You had 5 spell levels left.
You knew the following spells:

 Your Spells              Type           Power        Failure   Level  Hunger
z - Confusing Touch       Hex            #.....       47%         1    ##.....


Dungeon Overview and Level Annotations

Branches:
Dungeon (5/15)             Temple (1/1) D:5

Altars:
Cheibriados
Dithmenos
Elyvilon
Fedhas
Gozag
Hepliaklqana
Kikubaaqudgha
Nemelex Xobeh
Qazlal
Trog
Uskayaw
Xom
The Shining One

Shops:
D:4 (

Annotations:
D:4 Grinner's ghost, amateur OgGl
D:5 Prince Ribbit


Innate Abilities, Weirdness & Mutations

You are too large for most types of armour.
You have tough skin. (AC +1)


Message History

You hit Prince Ribbit.
Prince Ribbit is heavily wounded.
Prince Ribbit hits you!
* * * LOW HITPOINT WARNING * * *
You feel much better. Prince Ribbit hits you!
You miss Prince Ribbit.
Prince Ribbit is heavily wounded.
Prince Ribbit hits you!
* * * LOW HITPOINT WARNING * * *
You barely miss Prince Ribbit.
Prince Ribbit is heavily wounded.
Prince Ribbit asks, "Just a little smooch?"
Prince Ribbit closely misses you.
You miss Prince Ribbit.
Prince Ribbit is heavily wounded.
Prince Ribbit hits you but does no damage.
You completely miss Prince Ribbit.
Prince Ribbit is heavily wounded.
Prince Ribbit hits you!
You die...

#.#.##.....# .#
..#.##.....### .##
.............. ..
....##.....### .#
######.....######.#
..................###...
################...F....
#F####... #@.# . ##.#
..# #.# .# .. ##### #.#
....# .. ....#


You could see Prince Ribbit.

Vanquished Creatures
  The ghost of Grinner the Bludgeoner, a novice OgGl of Okawaru (D:5)
  Edmund (D:5)
  2 worker ants
  3 gnolls (D:5)
  4 adders
  A shadow imp (D:3)
  5 worms
  5 dart slugs
  3 leopard geckos
  2 orcs
  2 ball pythons (Sewer)
  3 giant cockroaches
  7 hobgoblins
  9 jackals
  14 kobolds
  A quokka (D:5)
  10 bats
  12 frilled lizards
  10 goblins
  9 rats
  3 plants (Sewer)
107 creatures vanquished.

Notes
Turn   | Place    | Note
-------+----------+-------------------------------------------
     0 | D:1      | Grinner the Ogre Gladiator began the quest for the Orb.
     0 | D:1      | Reached XP level 1. HP: 22/22 MP: 1/1
   148 | D:1      | Reached XP level 2. HP: 25/29 MP: 2/2
   449 | D:1      | Reached skill level 5 in Maces & Flails
   449 | D:1      | Reached XP level 3. HP: 27/36 MP: 3/3
   960 | D:2      | Reached XP level 4. HP: 44/44 MP: 4/4
  1038 | D:2      | Found a snail-covered altar of Cheibriados.
  1165 | D:2      | Learned a level 1 spell: Confusing Touch
  1553 | D:3      | Reached skill level 6 in Maces & Flails
  1689 | D:3      | Found a glowing drain.
  1693 | Sewer    | Entered a sewer
  1769 | Sewer    | Reached XP level 5. HP: 48/50 MP: 5/5
  2849 | D:4      | Found Siaqeisch's Weapon Boutique.
  2884 | D:4      | Reached skill level 7 in Maces & Flails
  2898 | D:4      | Noticed Grinner's ghost (amateur OgGl)
  2927 | D:5      | Entered Level 5 of the Dungeon
  2940 | D:5      | Noticed Grinner's ghost (novice OgGl)
  2950 | D:5      | Killed Grinner's ghost
  2950 | D:5      | Reached skill level 9 in Maces & Flails
  2950 | D:5      | Reached XP level 6. HP: 28/59 MP: 6/6
  2950 | D:5      | Reached XP level 7. HP: 31/66 MP: 7/7
  3227 | D:5      | Found a staircase to the Ecumenical Temple.
  3246 | Temple   | Entered the Ecumenical Temple
  3382 | D:5      | Noticed Edmund
  3394 | D:5      | Killed Edmund
  3394 | D:5      | Reached skill level 5 in Dodging
  3527 | D:5      | Noticed Prince Ribbit
  3558 | D:5      | HP: 1/66 [Prince Ribbit (13)]
  3563 | D:5      | Slain by Prince Ribbit

Skill      XL: |  1  2  3  4  5  6  7 |
---------------+----------------------+-----
Dodging        | 3 4 5 |  5.0
Maces & Flails | 5 6 9 |  9.6
Fighting       | |  2.6
Throwing       | |  2.0

Action                   |  1- 3 |  4- 6 |  7- 9 || total
-------------------------+-------+-------+-------++-------
Melee: Flail             |    54 |       |       ||    54
       Mace              |    20 |       |       ||    20
       Whip              |    21 |   190 |    42 ||   253
Throw: Throwing net      |       |     1 |     5 ||     6
  Use: Scroll            |       |     9 |       ||     9
       Potion            |       |    12 |     3 ||    15
 Stab: Distracted        |     2 |       |       ||     2
       Held in net/web   |       |       |     2 ||     2
       Sleeping          |       |       |     1 ||     1
  Eat: Chunk             |       |     6 |     2 ||     8
       Beef jerky        |       |     1 |       ||     1
Armor: Robe              |    34 |    44 |     3 ||    81
Dodge: Dodged            |    41 |    77 |    14 ||   132
